 Dungeon Crawl Stone Soup version 0.25-a0-424-g80bd347ae0 (webtiles) character file.

Game seed: 13141531197519743478, levelgen mode: deterministic

68 Esekla the Gusty (level 4, -4/30 HPs)
             Began as a Human Air Elementalist on Jan 20, 2020.
             Slain by a phantom (6 damage)
             ... on level 4 of the Dungeon.
             The game lasted 00:17:14 (1956 turns).

Esekla the Gusty (Human Air Elementalist)           Turns: 1956, Time: 00:17:14

Health: -4/30      AC:  2    Str:  8    XL:     4   Next: 41%
Magic:  2/8        EV: 13    Int: 16    God:
Gold:   86         SH:  0    Dex: 14    Spells: 1/8 levels left

rFire    . . .     SeeInvis .   b - +0 dagger
rCold    . . .     Gourm    .   (no shield)
rNeg     . . .     Faith    .   a - +0 robe
rPois    .         Spirit   .   (no helmet)
rElec    .         Reflect  .   (no cloak)
rCorr    .         Harm     .   (no gloves)
MR       .....                  (no boots)
Stlth    ++........             (no amulet)
HPRegen  0.10/turn              r - ring of wizardry
MPRegen  0.11/turn              (no ring)

@: no status effects
A: no striking features
a: no special abilities


You were on level 4 of the Dungeon.
You were very hungry.

You visited 1 branch of the dungeon, and saw 4 of its levels.

You collected 86 gold pieces.

Inventory:

Hand Weapons
 b - a +0 dagger (weapon)
Armour
 a - a +0 robe (worn)
Jewellery
 r - a ring of wizardry (left hand)
Wands
 j - a wand of disintegration (10)
Scrolls
 d - 6 scrolls of teleportation {unknown}
 i - a scroll of magic mapping {unknown}
 l - 2 scrolls of remove curse {unknown}
 n - a scroll of immolation {unknown}
 o - 2 scrolls of identify {unknown}
 p - 2 scrolls of enchant weapon {unknown}
 q - a scroll of random uselessness {unknown}
Potions
 e - 3 potions of curing
 f - a potion of mutation {unknown}
 g - 2 potions of lignification {unknown}
 h - a potion of heal wounds {unknown}
 k - a potion of resistance {unknown}
 m - a potion of invisibility {unknown}
Comestibles
 c - 3 rations


   Skills:
 * Level 2.6 Dodging
 - Level 2.0 Stealth
 * Level 2.7 Spellcasting
 * Level 2.1 Conjurations
 + Level 3.4 Air Magic


You had one spell level left.
You knew the following spells:

 Your Spells              Type           Power        Failure   Level  Hunger
a - Shock                 Conj/Air       ##..         2%          1    #......
b - Swiftness             Chrm/Air       #.......     6%          2    ##.....
c - Airstrike             Air            ##........   19%         4    #####..

Your spell library contained the following spells:

 Spells                   Type           Power        Failure   Level  Hunger
 Static Discharge         Conj/Air       ##......     8%          3    ###....
 Lightning Bolt           Conj/Air       ##........   52%         5    ######.


Dungeon Overview and Level Annotations

Branches:
Dungeon (4/15)
 Temple: D:4-7

Altars:


Message History

The zap hits the phantom.
The phantom is moderately damaged.
The zap hits the phantom.
The phantom is moderately damaged.
The phantom hits you!
* * * LOW HITPOINT WARNING * * *
Casting: Shock (safe; 2% risk of failure)
Confirm with . or Enter, or press ? or * to list all spells.
Aiming: Shock (safe; 2% risk of failure)
Press: ? - help, Shift-Dir - straight line The zap hits the phantom.
The phantom is heavily damaged.
The zap misses the phantom.
The phantom hits you.
* * * LOW HITPOINT WARNING * * *
Casting: Shock (safe; 2% risk of failure)
Confirm with . or Enter, or press ? or * to list all spells.
Aiming: Shock (safe; 2% risk of failure)
Press: ? - help, Shift-Dir - straight line The zap misses the phantom. x2; The phantom hits you.
You die...

##.........)..#
...........?..#
##......./....# ###
.....#........# #.#
....#........#
#.#####
...(........#
#.....#
#[.......#####.###.#
#........##....<##.#
#..W@....##.###....#
#........##.# #.####
######.####.# #.#
#.####.# #.#
#......# #.####
######## #....#
####.# ######### #.#
#.......# #.#


You could see a phantom.

Vanquished Creatures
  An adder (D:2)
  2 leopard geckos (D:1)
  5 giant cockroaches (D:1)
  3 hobgoblins
  10 jackals (D:1)
  9 kobolds
  3 bats
  5 frilled lizards
  9 goblins
  4 rats
51 creatures vanquished.

Notes
Turn   | Place    | Note
-------+----------+-------------------------------------------
     0 | D:1      | Esekla the Human Air Elementalist began the quest for the
                  | Orb.
     0 | D:1      | Reached XP level 1. HP: 13/13 MP: 3/3
   142 | D:1      | Reached XP level 2. HP: 19/19 MP: 1/5
   723 | D:2      | Reached XP level 3. HP: 11/24 MP: 0/6
  1305 | D:1      | Reached XP level 4. HP: 19/30 MP: 5/7
  1728 | D:2      | Learned a level 2 spell: Swiftness
  1733 | D:2      | Learned a level 4 spell: Airstrike
  1939 | D:4      | Noticed a phantom
  1956 | D:4      | Slain by a phantom

Levels and vault maps discovered:
D:1:      saegor_arrival_simple_a, layout_basic, minmay_tetromino_t4
D:2:      layout_basic, first_ration
D:3:      layout_loops_ring, lemuel_coloured_pillars_altar, wad_floor_pattern_1,
          trog_wizard
D:4:      gammafunk_cloud_chamber, layout_basic, grunt_temple_overflow_diamond,
          serial_curves, eino_curves_02, eino_curves_04

Skill      XL: |  1  2  3  4 |
---------------+-------------+-----
Conjurations   | 2 |  2.1
Dodging        | |  2.6
Stealth        | |  2.0
Spellcasting   | |  2.7
Air Magic      | |  3.4

Action                   |  1- 3 |  4- 6 || total
-------------------------+-------+-------++-------
Melee: Dagger            |    63 |    19 ||    82
 Cast: Shock             |    48 |    24 ||    72
  Use: Potion            |     1 |       ||     1
 Stab: Sleeping          |       |     3 ||     3
  Eat: Chunk             |     2 |     1 ||     3
Armor: Robe              |    23 |     6 ||    29
Dodge: Dodged            |    82 |    38 ||   120

Table legend:
 A = Non-vault XP
 B = Vault XP
 C = Vault XP percentage of total XP
 D = Non-vault monster count
 E = Vault monster count
 F = Vault count percentage of total count
                 A         B        C        D         E       F
            +---------+---------+-------+---------+---------+-------
      Total |      95 |       3 |   3.1 |      49 |       2 |   3.9
            +---------+---------+-------+---------+---------+-------
        D:1 |      61 |       3 |   4.7 |      34 |       2 |   5.6
        D:2 |      30 |       0 |   0.0 |      12 |       0 |   0.0
        D:3 |       3 |       0 |   0.0 |       2 |       0 |   0.0
        D:4 |       1 |       0 |   0.0 |       1 |       0 |   0.0
            +---------+---------+-------+---------+---------+-------
